 Dungeon Crawl Stone Soup version 0.28.0 (webtiles) character file.

Game seed: 16307679985086770489

65 sanka the Magician (level 3, 0/20 HPs)
             Began as a Deep Elf Transmuter on Feb 8, 2022.
             Slain by an adder (3 damage)
             ... on level 2 of the Dungeon.
             The game lasted 00:02:35 (2792 turns).

sanka the Magician (Deep Elf Transmuter)            Turns: 2792, Time: 00:02:36

Health: 0/20       AC:  2    Str:  7    XL:     3   Next: 92%
Magic:  11/12      EV: 12    Int: 19    God:
Gold:   94         SH:  0    Dex: 15    Spells: 9/13 levels left

rFire   . . .      SeeInvis .     - Unarmed
rCold   . . .      Faith    .   (no shield)
rNeg    . . .      Spirit   .   a - +0 robe
rPois   .          Reflect  .   (helmet currently unavailable)
rElec   .          Harm     .   (no cloak)
rCorr   .          Rampage  .   (no gloves)
Will    .....                   (boots currently unavailable)
Stlth   +.........              (no amulet)
HPRegen 0.06/turn               (no ring)
MPRegen 0.13/turn               (no ring)

@: lethally poisoned (0 -> -1), appendages
A: horns 2, talons 2
a: End Transformation


You were on level 2 of the Dungeon.
You had temporarily grown beastly horns and talons.
You visited 1 branch of the dungeon, and saw 2 of its levels.

You collected 94 gold pieces.

Inventory:

Armour
 a - a +0 robe (worn)
Scrolls
 c - a scroll of teleportation {unknown}
 e - a scroll of fear {unknown}
 f - a scroll of amnesia {unknown}
 h - a scroll of summoning {unknown}
 i - a scroll of identify {unknown}
Potions
 b - 3 potions of curing {unknown}
 d - a potion of degeneration {unknown}
 g - a potion of brilliance {unknown}


   Skills:
 - Level 0.7 Fighting
 - Level 2.4 Dodging
 - Level 2.4 Unarmed Combat
 + Level 5.9 Spellcasting
 - Level 2.1 Transmutations


You had 9 spell levels left.
You knew the following spells:

 Your Spells              Type           Power      Damage    Failure   Level
a - Beastly Appendage     Tmut           26%        N/A       4%          1
b - Spider Form           Tmut/Pois      9%         N/A       22%         3

Your spell library contained the following spells:

 Spells                   Type           Power      Damage    Failure   Level
 Wereblood                Tmut           13%        N/A       7%          2
 Dazzling Flash           Conj/Hex       10%        N/A       34%         3
 Ice Form                 Ice/Tmut       9%         N/A       58%         4
 Agony                    Necr           5%         N/A       97%         5
 Silence                  Hex/Air        2%         N/A       97%         5


Dungeon Overview and Level Annotations

Branches:
Dungeon (2/15)

Altars:


Innate Abilities, Weirdness & Mutations

You have temporarily grown beastly horns and talons.


Message History

You feel sick. The adder barely misses you. The adder closely misses you.
You miss the adder.
The adder is moderately wounded.
You feel sick. The adder bites you.
You miss the adder.
The adder is moderately wounded.
You feel sick. The adder misses you.
You hit the adder but do no damage.
The adder is moderately wounded.
You feel sick. The adder closely misses you. The adder bites you.
Unknown command.
Unknown command.
You are too injured to fight recklessly!
Casting: Beastly Appendage (safe; 4% risk of failure)
Confirm with . or Enter, or press ? or * to list all spells.
You grow a pair of large bovine horns.
Your feet morph into talons.
You feel sick.
You are no longer poisoned.
The adder closely misses you.
Unknown command.
You closely miss the adder. Your kick misses the adder.
The adder is moderately wounded.
The adder bites you.
* * * LOW HITPOINT WARNING * * *
You are poisoned.
The adder poisons you!
You closely miss the adder. You headbutt the adder.
The adder is severely wounded.
You feel sick. The adder closely misses you.
Unknown command.
You closely miss the adder. Your kick misses the adder.
Your headbutt misses the adder.
The adder is severely wounded.
You feel sick. The adder bites you but does no damage.
The adder closely misses you.
Unknown command.
You hit the adder but do no damage. Your kick misses the adder.
The adder is severely wounded.
You feel sick. The adder bites you.
You die...

..................####### #
##.#.##.........#.......#########
#.#.##.........#######..........
#.#.##.........# ###########
#.#.######.##### ######## #...#
#..######## #....... ##..#
##.†.#....# #....... #..#
###.#....# #....... #..##
#..@S..# ##.[..... #...# ##.....#
###........ #.#.#
##.......>......... #.#.#
#....#### #..).... ###.#.#####
#....# #....... #.........#
#....# #....... #.........#
#....# #....... #.........#
###### ######## #........(#


You could see an adder.

Vanquished Creatures
  An adder (D:2)
  5 worms (D:2)
  A bat (D:1)
  4 endoplasms
  3 giant cockroaches
  4 goblins
  A hobgoblin (D:2)
  3 quokkas
  4 ball pythons (D:1)
  4 frilled lizards
  7 kobolds
  3 rats
40 creatures vanquished.

Notes
Turn   | Place    | Note
-------+----------+-------------------------------------------
     0 | D:1      | sanka the Deep Elf Transmuter began the quest for the Orb.
     0 | D:1      | Reached XP level 1. HP: 11/11 MP: 6/6
   262 | D:1      | Reached skill level 4 in Spellcasting
   262 | D:1      | Reached XP level 2. HP: 16/16 MP: 7/9
  1508 | D:2      | Reached XP level 3. HP: 9/20 MP: 9/11
  1512 | D:2      | Learned a level 3 spell: Spider Form
  1693 | D:2      | Reached skill level 5 in Spellcasting
  2180 | D:2      | HP: 1/20 [poisoned by an adder]
  2792 | D:2      | Slain by an adder

Illustrated notes

Levels and vault maps discovered:
D:1:      dpeg_arrival_central, layout_basic
D:2:      layout_rooms

Skill      XL: |  1  2  3 |
---------------+----------+-----
Spellcasting   | 4 5 |  5.9
Fighting       | |  0.7
Dodging        | |  2.4
Unarmed Combat | |  2.4
Transmutations | |  2.1

Action                   || total
-------------------------++-------
Melee: Unarmed           ||   133
       Headbutt          ||    17
       Kick              ||    19
       Punch             ||     1
 Cast: Beastly Appendage ||    26
       Spider Form       ||     3
 Stab: Sleeping          ||     1
Armor: Robe              ||    16
Dodge: Dodged            ||    86
